 Dungeon Crawl Stone Soup version 0.19-a0-1912-g48530cd (webtiles) character file.

693 Firecrotchwizard the Archer (level 7, -5/49 HPs)
             Began as a High Elf Hunter on Dec 16, 2016.
             Was a Follower of Okawaru.
             Slain by a wyvern (9 damage)
             ... on level 5 of the Dungeon.
             The game lasted 00:10:10 (4117 turns).

Firecrotchwizard the Archer (High Elf Hunter)       Turns: 4117, Time: 00:10:10

Health: -5/49      AC: 10    Str: 11    XL:     7   Next: 37%
Magic:  8/8        EV:  6    Int: 14    God:    Okawaru [*.....]
Gold:   322        SH:  0    Dex: 19    Spells: 6/6 levels left

rFire  . . .     SeeInvis .     a - +1 shortbow
rCold  . . .     Faith    +     r - +0 shadow dragon scales
rNeg   . . .     Spirit   .     (shield currently unavailable)
rPois  .         Reflect  .     (no helmet)
rElec  .                        (no cloak)
rCorr  .                        (no gloves)
MR     .....                    (no boots)
Stlth  ++++......               o - amulet of faith
                                (no ring)
                                (no ring)

@: no status effects
A: no striking features
a: Heroism, Renounce Religion


You were on level 5 of the Dungeon.
You worshipped Okawaru.
Okawaru was aware of your devotion.
You were not hungry.

You visited 2 branches of the dungeon, and saw 6 of its levels.

You collected 322 gold pieces.

Inventory:

Hand Weapons
 a - a +1 shortbow (weapon)
 b - a +0 short sword
Missiles
 d - 14 arrows (quivered)
Armour
 c - a +0 leather armour
 p - a +0 scale mail
 r - +0 shadow dragon scales (worn)
Jewellery
 o - an amulet of faith (around neck)
Scrolls
 e - 2 scrolls of identify
 f - a scroll of remove curse
 h - a scroll of teleportation {unknown}
 j - a scroll of recharging
 m - a scroll of enchant weapon {unknown}
Potions
 g - a potion of agility
 i - a potion of ambrosia {unknown}
 k - a potion of brilliance {unknown}
 l - a potion of invisibility {unknown}
 n - 2 potions of flight {unknown}
 q - a potion of cancellation {unknown}
 s - a potion of berserk rage {unknown}


   Skills:
 * Level 4.9 Fighting
 * Level 8.0 Bows
 + Level 4.5 Dodging
 + Level 3.9 Stealth


You had 6 spell levels left.
You didn't know any spells.

Dungeon Overview and Level Annotations

Branches:
Dungeon (5/15)             Temple (1/1) D:3
   Lair: D:-1         Crypt: Vaults:-1     Tomb: Vaults:-1

Altars:
Fedhas
Hepliaklqana
Nemelex Xobeh
Okawaru
The Shining One

Shops:
D:5 [


Message History

Press: ? - help, Shift-Dir - straight line, f/p - wyvern
Aim: a wyvern (heavily wounded)
You shoot an arrow.
The arrow hits the wyvern but does no damage.
The wyvern is heavily wounded.
The wyvern bites you (7)!
Firing (i - inventory):
d - 16 arrows (quivered)
Press: ? - help, Shift-Dir - straight line, f/p - wyvern
Aim: a wyvern (heavily wounded)
You shoot an arrow. The arrow hits the wyvern (7)!
The wyvern is severely wounded.
The wyvern bites you (7)!
Firing (i - inventory):
d - 15 arrows (quivered)
Press: ? - help, Shift-Dir - straight line, f/p - wyvern
Aim: a wyvern (severely wounded)
You shoot an arrow. The arrow barely misses the wyvern (0).
The wyvern bites you (13)!
* * * LOW HITPOINT WARNING * * *
The wyvern bites you (9)!
You die...

##......#.# ...∩...
##....##.# .......
##..###.# .(.....
#### #.# ....... #.#
....... #.# .......
#.#
......l#############
#.#
.......@...........#
#.#
.......###########.#
#.# ....... #.# #.#
#####+# #.# #.#
#.###.# #.....#
#######


You could see a wyvern.

Vanquished Creatures
  A water moccasin (D:4)
  A phantom (D:5)
  A rime drake skeleton (D:3)
  A howler monkey (D:4)
  2 hounds (D:4)
  A centaur skeleton (D:4)
  An orc wizard (D:3)
  2 worker ants (D:5)
  A hound skeleton (D:5)
  3 gnolls (D:2)
  7 adders
  A shadow imp (D:5)
  6 dart slugs
  6 leopard geckos
  10 orcs
  9 giant cockroaches
  6 hobgoblins
  3 jackals (D:3)
  A quokka (D:2)
  A ball python (D:4)
  9 bats
  5 frilled lizards
  13 goblins
  5 kobolds
  A leopard gecko zombie (D:5)
  A quokka skeleton (D:4)
  5 rats
103 creatures vanquished.

Notes
Turn   | Place    | Note
-------+----------+-------------------------------------------
     0 | D:1      | Firecrotchwizard the High Elf Hunter began the quest for the Orb.
     0 | D:1      | Reached XP level 1. HP: 14/14 MP: 2/2
   138 | D:1      | Reached XP level 2. HP: 15/19 MP: 3/3
   873 | D:2      | Reached XP level 3. HP: 25/25 MP: 4/4
  1014 | D:2      | Reached skill level 6 in Bows
  1064 | D:2      | Reached XP level 4. HP: 23/31 MP: 5/5
  1586 | D:3      | Found a staircase to the Ecumenical Temple.
  1630 | D:3      | Reached XP level 5. HP: 22/36 MP: 6/6
  1760 | Temple   | Entered the Ecumenical Temple
  1769 | Temple   | Became a worshipper of Warmaster Okawaru
  2718 | D:3      | Reached XP level 6. HP: 43/43 MP: 7/7
  3171 | D:4      | Reached skill level 7 in Bows
  3392 | D:4      | Noticed a water moccasin
  3407 | D:4      | Killed a water moccasin
  3648 | D:4      | Reached * piety under Okawaru
  3648 | D:4      | Reached XP level 7. HP: 48/49 MP: 8/8
  3763 | D:5      | Entered Level 5 of the Dungeon
  3927 | D:5      | Reached skill level 8 in Bows
  4101 | D:5      | Found Hygrodenk's Armour Boutique.
  4101 | D:5      | Noticed a wyvern
  4117 | D:5      | Slain by a wyvern

Vault maps used:
D:1:      evilmike_arrival_crescent, serial_forest,
          infiniplex_forest_clump_medium, infiniplex_forest_zigzag_2,
          infiniplex_forest_zigzag_1, infiniplex_forest_corner_2,
          infiniplex_forest_clump_small, infiniplex_forest_3_way,
          infiniplex_forest_straight_5, infiniplex_forest_lined_2,
          infiniplex_forest_clump_long
D:2:      minmay_pentomino_q2
D:3:      item_on_display_a
D:4:      first_bread
D:5:      serial_shops, shop
Temple:   hc_temple_tempest_star

Skill      XL: |  1  2  3  4  5  6  7 |
---------------+----------------------+-----
Bows           | 6 7 8 |  8.0
Fighting       | 3 4 |  4.9
Stealth        | 2 3 |  3.9
Dodging        | 3 4 |  4.5

Action                   |  1- 3 |  4- 6 |  7- 9 || total
-------------------------+-------+-------+-------++-------
Melee: Short sword       |       |    29 |       ||    29
 Fire: Shortbow          |    75 |   234 |    91 ||   400
  Use: Scroll            |       |     7 |       ||     7
Armor: Leather armour    |     1 |    15 |       ||    16
       Scale mail        |       |    13 |       ||    13
       Shadow dragon sca |       |    26 |    15 ||    41
Dodge: Dodged            |    11 |    80 |     8 ||    99
